 Seeded DCSS version 0.31-a0-667-g39726597b9 (webtiles) character file.

Game seed: 1506527097514143605 (custom seed)

66 demibob the Slasher (level 3, 31/31 HPs)
             Began as a Minotaur Fighter on Sept 4, 2023.
             Quit the game on level 2 of the Dungeon.
             The game lasted 00:01:28 (1551 turns).

demibob the Slasher (Minotaur Fighter)              Turns: 1551, Time: 00:01:29

Health: 31/31      AC:  6    Str: 20    XL:     3   Next: 96%
Magic:  2/2        EV:  9    Int:  5    God:
Gold:   62         SH:  5    Dex: 11    Spells: 2/2 levels left

rFire   . . .        a - +0 long sword (venom)
rCold   . . .        c - +0 buckler
rNeg    . . .        b - +0 scale mail
rPois   .            (helmet restricted)
rElec   .            (no cloak)
rCorr   .            (no gloves)
SInv    .            (no boots)
Will    .....        (no amulet) Stlth
                     (no ring)
HPRegen 0.25/turn    (no ring)
MPRegen 0.08/turn

%: no passive effects
@: no status effects
A: horns 2, retaliatory headbutt
a: no special abilities


You were on level 2 of the Dungeon.
You visited 1 branch of the dungeon, and saw 2 of its levels.

You collected 62 gold pieces.


Innate Abilities, Weirdness & Mutations

You have a pair of horns on your head.
You reflexively headbutt those who attack you in melee.


   Skills:
 - Level 3.6 Fighting
 * Level 4.5 Long Blades
 - Level 3.6 Armour
 + Level 4.5 Shields


You had 2 spell levels left.
You didn't know any spells.
Your spell library contained the following spells:

 Spells                   Type           Power      Damage    Failure   Level
 Slow                     Hex            0%         N/A       88%         1
 Confusing Touch          Hex            0%         N/A       99%         3
 Vampiric Draining        Necr           0%         2d6       99%         3

Inventory:

Hand Weapons
 a - a +0 long sword of venom (weapon)
Armour
 b - a +0 scale mail (worn)
 c - a +0 buckler (worn)
 n - a +2 pair of gloves
 q - a +0 pair of boots
Jewellery
 o - an amulet of the acrobat
 Z - a ring of wizardry
Scrolls
 j - a scroll of enchant weapon {unknown}
 k - 2 scrolls of identify {unknown}
 m - 4 scrolls of poison {unknown}
 r - a scroll of acquirement
Potions
 d - a potion of might
 e - a potion of invisibility {unknown}
 g - 2 potions of mutation {unknown}
 h - a potion of curing {unknown}
 l - a potion of haste {unknown}

Dungeon Overview and Level Annotations

Branches:
Dungeon (2/15)

Altars:

###############
###############
###################
###############...#
###############...###
#############.......#
######§§§§..........####
######§@§§..............
######§########...###.##
######§########...# #.#
######.########..## #.#
######.########..# #.#
######.####......# #.#
######.####.###..# #.#
######.####......# #.#
#...........# #.#


There were no monsters in sight!


Message History

You see here a +0 dagger of venom.
You see here 7 stones.
A kobold comes into view. It is wielding a +0 dagger.
A kobold is nearby!
A kobold is nearby!
A kobold is nearby!
The kobold closely misses you.
You hit the kobold.
You kill the kobold!
No target in view!
No target in view!
No target in view!
No target in view!
No target in view!
No target in view!
Done exploring.
Done exploring.
Done exploring.
Done exploring.
As you read the scroll labelled VIKAEFIOM XAIWNI, it crumbles to dust.
You feel momentarily disoriented.
It was a scroll of revelation.
As you read the scroll labelled UCETZARISU, it crumbles to dust.
It is a scroll of brand weapon.
Your +0 long sword drips with poison.
a - a +0 long sword of venom (weapon)
As you read the scroll labelled PAOTWU QETT, it dissolves into smoke.
It was a scroll of fog.
This is a scroll of acquirement!
Unknown command.
Are you sure you want to abandon this character and quit the game? (Confirm with "yes".)

Skill      XL: |  1  2  3 |
---------------+----------+-----
Long Blades    | 3 4 |  4.5
Shields        | 4 |  4.5
Fighting       | |  3.6
Armour         | |  3.6

Action                     || total
---------------------------++-------
  Melee: Long sword        ||    65
         Headbutt          ||    11
    Use: Scroll            ||     3
 Armour: Scale mail        ||    39
  Dodge: Dodged            ||    34
  Block: Buckler           ||    11

Levels and vault maps discovered:
D:1:      minmay_arrival_checkered_box, layout_basic, serial_corexii_hall,
          corexii_hall_statues_x, corexii_hall_statues_t,
          corexii_hall_statues_t, chequers_hall_statues_wall_a,
          minmay_stone_trees_medium, st_stairs_8, minmay_ruptured
D:2:      layout_loops_ring

Notes
Turn   | Place    | Note
-------+----------+-------------------------------------------
     0 | D:1      | demibob the Minotaur Fighter began the quest for the Orb.
     0 | D:1      | Reached XP level 1. HP: 19/19 MP: 0/0
    98 | D:1      | Reached skill level 3 in Long Blades
   102 | D:1      | Reached XP level 2. HP: 26/26 MP: 1/1
   143 | D:1      | Reached skill level 4 in Shields
   462 | D:1      | Reached XP level 3. HP: 26/31 MP: 2/2
   998 | D:2      | Reached skill level 4 in Long Blades
  1551 | D:2      | Identified a scroll of acquirement
  1551 | D:2      | Quit the game

Vanquished Creatures
  2 adders (D:2)
  2 dart slugs
  5 ball pythons
  2 endoplasms (D:1)
  6 goblins
  7 hobgoblins
  3 kobolds
  3 quokkas
  5 bats (D:1)
  2 frilled lizards (D:1)
  3 rats
40 creatures vanquished.

Table legend: (Time is in decaauts)
 A = Elapsed time spent in this place.
 B = Non-inter-level travel time spent in this place.
 C = Inter-level travel time spent in this place.
 D = Time resting spent in this place.
 E = Time spent auto-exploring this place.
 F = Levels seen in this place.
 G = Mean time per level.
                   A        B        C        D        E       F      G
               +--------+--------+--------+--------+--------+-----+--------+
         Total |   1567 |   1493 |     74 |      0 |   1283 |   2 |  783.5 |
       Dungeon |   1567 |   1493 |     74 |      0 |   1283 |   2 |  783.5 |
               +--------+--------+--------+--------+--------+-----+--------+

Top non-repeatable levels by time:
     D:1: 957 daAuts
     D:2: 610 daAuts

Table legend:
 A = Non-vault XP
 B = Vault XP
 C = Vault XP percentage of total XP
 D = Non-vault monster count
 E = Vault monster count
 F = Vault count percentage of total count
                 A         B        C        D         E       F
            +---------+---------+-------+---------+---------+-------
      Total |      86 |       9 |   9.5 |      33 |       7 |  17.5
            +---------+---------+-------+---------+---------+-------
        D:1 |      35 |       9 |  20.5 |      19 |       7 |  26.9
        D:2 |      51 |       0 |   0.0 |      14 |       0 |   0.0
            +---------+---------+-------+---------+---------+-------
